Map: Lightshade LE

Players

TeebuL

  • Race: Protoss Protoss
  • Spawn Location: 5:00

Probe - Winner!

  • Race: Protoss Protoss
  • Spawn Location: 11:00

Event: DreamHack SC2 Masters 2020 Winter

VOD

Have the link to the VOD?

Description

Time

  • Played on: Oct. 22, 2020, 6:10 a.m.
  • Length: 10:53

All games in this series

Show
View Real Time Build Order
Export as new Build Order

TeebuL Protoss 

Build Orders:  

Get SALT Encoding   

  12  0:00  Probe  
  13  0:12  Probe  
  14  0:17  Pylon  
  14  0:24  Probe (Chrono Boost)  
  16  0:37  Gateway, Probe (Chrono Boost)  
  16  0:41  Probe (Chrono Boost)  
  16  0:46  Assimilator  
  17  0:52  Probe  
  17  0:55  Assimilator  
  18  1:04  Probe (Chrono Boost)  
  18  1:08  Gateway  
  19  1:17  Probe (Chrono Boost)  
  20  1:24  Probe (Chrono Boost)  
  21  1:30  Cybernetics Core  
  21  1:31  Probe  
  22  1:36  Pylon  
  22  1:43  Probe  
  23  1:55  Gateway  
  24  2:06  Stalker, Warp Gate (Chrono Boost)  
  24  2:08  Stalker  
  27  2:15  Probe  
  28  2:22  Pylon  
  28  2:36  Stalker  
  30  2:40  Stalker  
  31  2:46  Stalker  
  33  2:54  Shield Battery  
  33  3:08  Stalker  
  33  3:10  Stalker  
  37  3:17  Pylon  
  37  3:49  Stalker x3  
  37  3:51  Probe  
  40  4:09  Twilight Council  
  38  4:12  Stalker x2  
  38  4:15  Stalker  
  44  4:20  Probe  
  41  4:44  Stalker x3  
  45  4:54  Blink  
  44  5:14  Nexus  
  44  5:17  Probe (Chrono Boost)  
  45  5:28  Pylon, Probe (Chrono Boost)  
  46  5:32  Probe (Chrono Boost)  
  47  5:45  Pylon  
  47  5:48  Dark Shrine  
  47  6:02  Shield Battery  
  47  6:04  Sentry x2  
  47  6:08  Probe  
  52  6:11  Pylon  
  52  6:20  Probe (Chrono Boost)  
  53  6:31  Probe (Chrono Boost)  
  53  6:32  Probe (Chrono Boost)  
  54  6:38  Probe (Chrono Boost)  
  54  6:39  Probe (Chrono Boost)  
  56  6:43  Probe (Chrono Boost)  
  56  6:47  Probe  
  58  6:48  Forge  
  58  6:55  Probe  
  58  6:57  Pylon  
  58  6:59  Probe  
  60  7:07  Probe  
  61  7:11  Probe  
  62  7:17  Protoss Ground Weapons Level 1 (Chrono Boost)  
  62  7:19  Probe  
  62  7:23  Charge, Probe  
  63  7:31  Probe  
  63  7:35  Probe  
  63  7:36  Nexus  
  63  7:41  Pylon  
  63  7:43  Probe  
  64  7:47  Probe  
  65  7:53  Robotics Facility  
  65  7:54  Gateway  
  65  7:55  Probe  
  65  7:57  Gateway  
  65  7:58  Gateway  
  66  7:59  Probe  
  67  8:07  Probe  
  67  8:11  Probe  
  67  8:12  Gateway  
  69  8:13  Assimilator  
  69  8:14  Gateway  
  69  8:27  Dark Templar  
  69  8:31  Stalker x2  
  75  8:36  Shield Battery  
  76  8:41  Observer  
  76  8:43  Pylon  
  75  9:01  Dark Templar x3  
  81  9:04  Zealot x3  
  88  9:16  Zealot x2  
  91  9:26  Dark Templar, Zealot x2  
  88  9:41  Dark Templar, Zealot x2  
  88  9:42  Zealot x2  
  70  9:54  Zealot x2  
  70  9:59  Zealot  
  68  10:02  Zealot x3  
  63  10:08  Zealot  
  47  10:14  Zealot  
  47  10:16  Sentry  
  45  10:23  Zealot  
Show
View Real Time Build Order
Export as new Build Order

Probe Protoss - Winner!

Build Orders: Phoenix Opening 

Get SALT Encoding   

  12  0:00  Probe  
  13  0:12  Probe  
  14  0:17  Pylon  
  14  0:24  Probe (Chrono Boost)  
  15  0:36  Probe (Chrono Boost)  
  15  0:40  Gateway  
  16  0:44  Probe (Chrono Boost)  
  16  0:46  Assimilator  
  17  0:51  Probe  
  17  0:55  Assimilator  
  18  1:03  Probe (Chrono Boost)  
  19  1:08  Gateway  
  19  1:13  Probe (Chrono Boost)  
  19  1:18  Probe (Chrono Boost)  
  21  1:26  Cybernetics Core  
  21  1:29  Probe  
  22  1:35  Pylon  
  22  1:41  Probe  
  23  1:53  Probe  
  24  2:00  Warp Gate (Chrono Boost)  
  24  2:02  Adept  
  24  2:03  Adept  
  28  2:11  Probe  
  28  2:14  Pylon  
  29  2:18  Stargate  
  29  2:25  Probe  
  30  2:32  Stalker  
  30  2:36  Stalker  
  34  2:38  Probe  
  35  2:57  Pylon  
  35  3:02  Phoenix (Chrono Boost)  
  37  3:12  Shield Battery  
  37  3:23  Phoenix  
  41  3:32  Shield Battery  
  40  3:41  Pylon  
  38  3:43  Stalker x2  
  42  3:51  Phoenix  
  44  4:11  Stalker x2  
  48  4:24  Nexus  
  48  4:31  Pylon  
  42  4:54  Stalker x2, Robotics Facility  
  46  5:02  Pylon  
  46  5:18  Stalker x2  
  49  5:22  Probe (Chrono Boost)  
  50  5:32  Probe (Chrono Boost)  
  51  5:37  Probe (Chrono Boost)  
  51  5:41  Probe (Chrono Boost)  
  53  5:45  Immortal  
  53  5:48  Sentry  
  59  5:51  Probe (Chrono Boost)  
  59  5:56  Probe (Chrono Boost)  
  61  6:00  Probe (Chrono Boost)  
  61  6:01  Probe (Chrono Boost)  
  63  6:06  Probe  
  63  6:10  Probe  
  65  6:18  Twilight Council, Probe  
  66  6:24  Pylon, Observer, Probe  
  68  6:30  Probe  
  69  6:34  Assimilator  
  69  6:35  Assimilator  
  69  6:36  Probe  
  69  6:39  Forge  
  70  6:42  Probe  
  71  6:48  Probe  
  71  6:52  Adept x2  
  76  6:54  Probe  
  76  6:57  Charge  
  76  7:00  Probe  
  78  7:05  Protoss Ground Weapons Level 1 (Chrono Boost)  
  78  7:06  Probe  
  79  7:12  Probe  
  80  7:17  Photon Cannon  
  80  7:18  Probe  
  81  7:27  Pylon  
  81  7:28  Pylon  
  81  7:31  Templar Archives  
  81  7:43  Gateway  
  79  7:46  Gateway  
  79  7:49  Gateway  
  79  7:51  Gateway  
  79  7:54  Gateway  
  79  8:02  Gateway  
  79  8:10  High Templar x2  
  83  8:14  Archon  
  83  8:17  Nexus  
  83  8:20  Pylon  
  83  8:27  Warp Prism  
  85  8:35  Photon Cannon  
  85  8:40  High Templar x2  
  89  8:45  Archon  
  89  8:46  Zealot  
  91  8:51  High Templar x2  
  91  8:56  Archon  
  91  8:57  Zealot  
  91  8:58  Zealot  
  95  9:06  Zealot  
  95  9:07  Pylon, Zealot  
  99  9:15  Photon Cannon  
  99  9:27  Observer (Chrono Boost)  
  87  9:35  Zealot x3  
  84  9:48  Stalker  
  84  9:50  Probe  
  79  9:58  Zealot  
  74  10:09  Zealot  
  54  10:26  High Templar  
  54  10:27  High Templar x2  
Tags
 
Add a new tag
Caveats
  • Supply blocks, unpowered buildings, or Contaminate may cause inaccurate times.
  • Supply counts are checked every 10 seconds.